| TOP OF THE 1ST |
|
State College Spikes batting - Pitching for Eugene Emeralds : RHP Dwight Bean
|
|
Pitching: RHP Dwight Bean
|
|
|
Batting: RHB Tim Cleary
|
0-0: Called Strike 0-1: Ground out 6-3 (Groundball, 6M, EV 85.6 MPH)
|
|
Batting: RHB Fekadu Alhaadi
|
0-0: Ball 1-0: Ball 2-0: Ball 3-0: Base on Balls
|
|
Batting: LHB Ken Compton
|
0-0: SINGLE (Groundball, 56S, EV 96.9 MPH) Fekadu Alhaadi to second
|
|
Batting: RHB Joe Alley
|
0-0: Foul Ball, location: 2F 0-1: Foul Ball, location: 2F 0-2: Ball 1-2: Foul Ball, location: 2F 1-2: Ball 2-2: 3-RUN HOME RUN (Flyball, 7D, EV 96.2 MPH), Distance : 357 ft
|
|
Batting: RHB Chris Norris
|
0-0: Called Strike 0-1: Ground out U3 (Groundball, 3, EV 84.4 MPH)
|
|
Batting: RHB Tommy Tracy
|
0-0: Hit by Pitch
|
|
Batting: RHB Yorkis Saiki
|
0-0: Foul Ball, location: 2F 0-1: Fielders Choice at 2nd, U4 (Groundball, 4M, EV 89.4 MPH)
|
| Top of the 1st over - 3 runs, 2 hits, 0 errors, 1 left on base; State College 3 - Eugene 0 |
| BOTTOM OF THE 1ST |
|
Eugene Emeralds batting - Pitching for State College Spikes : RHP Danny Cook
|
|
Pitching: RHP Danny Cook
|
|
|
Batting: RHB Eric Wiss
|
0-0: Called Strike 0-1: Ball 1-1: Ball 2-1: Foul Ball, location: 2F 2-2: Strikes out looking
|
|
Batting: RHB Bill Holmes
|
0-0: Fly out, F4 (Popup, 34, EV 56.2 MPH)
|
|
Batting: RHB Ryan Bush
|
0-0: Ball 1-0: Called Strike 1-1: Ball 2-1: Foul Ball, location: 2F 2-2: Ball 3-2: Foul Ball, location: 2F 3-2: Fly out, F7 (Flyball, 78S, EV 84.4 MPH)
|
| Bottom of the 1st over - 0 runs, 0 hits, 0 errors, 0 left on base; State College 3 - Eugene 0 |
| TOP OF THE 2ND |
|
State College Spikes batting - Pitching for Eugene Emeralds : RHP Dwight Bean
|
|
Pitching: RHP Angel Pesina
|
|
|
Batting: SHB Gerardo Macias
|
0-0: Ball 1-0: SOLO HOME RUN (Line Drive, 9D, EV 105.6 MPH), Distance : 398 ft
|
|
Batting: RHB John Gibbs
|
0-0: Ball 1-0: Foul Ball, location: 2F 1-1: Ball 2-1: Swinging Strike 2-2: SINGLE (Line Drive, 9S, EV 91.2 MPH)
|
|
Batting: RHB Tim Cleary
|
0-0: Ball 1-0: Called Strike 1-1: Ball 2-1: Ball 3-1: Base on Balls John Gibbs to second
|
|
Batting: RHB Fekadu Alhaadi
|
0-0: Called Strike 0-1: Ball 1-1: Grounds into double play, 5-4-3 (Groundball, 56, EV 89.4 MPH) John Gibbs to third
|
|
Batting: LHB Ken Compton
|
0-0: Ball Wild Pitch! John Gibbs scores 1-0: Foul Ball, location: 2F 1-1: Ball 2-1: SINGLE (Line Drive, 89M, EV 110.0 MPH)
|
|
Pitching: RHP Dustin Buckner
|
|
|
Batting: RHB Joe Alley
|
0-0: Ball Ken Compton steals 2nd base 1-0: Ball 2-0: Ball 3-0: Called Strike 3-1: Called Strike 3-2: Foul Ball, location: 2F 3-2: SINGLE (Groundball, 34, EV 108.1 MPH) Ken Compton to third Runner from 3rd tries for Home, SAFE, throw by RF to home Joe Alley to second
|
|
Batting: RHB Chris Norris
|
0-0: Ball 1-0: Ball 2-0: Ball 3-0: Base on Balls
|
|
Batting: RHB Tommy Tracy
|
0-0: Foul Ball, location: 2F 0-1: Called Strike 0-2: Ball 1-2: Foul Ball, location: 2F 1-2: Strikes out looking
|
| Top of the 2nd over - 3 runs, 4 hits, 0 errors, 2 left on base; State College 6 - Eugene 0 |
| BOTTOM OF THE 2ND |
|
Eugene Emeralds batting - Pitching for State College Spikes : RHP Danny Cook
|
|
Batting: RHB Roy Battist
|
0-0: Swinging Strike 0-1: Foul Ball, location: 2F 0-2: Strikes out swinging
|
|
Batting: RHB Jerry Blas
|
0-0: Ball 1-0: Called Strike 1-1: Called Strike 1-2: Strikes out looking
|
|
Batting: RHB Josh Burns
|
0-0: Swinging Strike 0-1: Swinging Strike 0-2: Strikes out swinging
|
| Bottom of the 2nd over - 0 runs, 0 hits, 0 errors, 0 left on base; State College 6 - Eugene 0 |
| TOP OF THE 3RD |
|
State College Spikes batting - Pitching for Eugene Emeralds : RHP Dustin Buckner
|
|
Batting: RHB Yorkis Saiki
|
0-0: Foul Ball, location: 2F 0-1: Ball 1-1: Ground out 6-3 (Groundball, 6S, EV 86.9 MPH)
|
|
Pitching: RHP Carlos Zavala
|
|
|
Batting: SHB Gerardo Macias
|
0-0: Ball 1-0: Called Strike 1-1: DOUBLE (Line Drive, 3D, EV 101.9 MPH)
|
|
Batting: RHB John Gibbs
|
0-0: Foul Ball, location: 2F 0-1: Called Strike 0-2: Ball 1-2: Ball 2-2: Foul Ball, location: 2F 2-2: Ball 3-2: Foul Ball, location: 2F 3-2: Foul Ball, location: 2F 3-2: Foul Ball, location: 2F 3-2: Base on Balls
|
|
Batting: RHB Tim Cleary
|
0-0: Foul Ball, location: 2F 0-1: Foul Ball, location: 2F 0-2: Foul Ball, location: 2F 0-2: DOUBLE (Line Drive, 7LM, EV 103.8 MPH) Gerardo Macias scores John Gibbs to third
|
|
Batting: RHB Fekadu Alhaadi
|
0-0: Reached on error, E5 (Groundball, 5L, EV 96.9 MPH) John Gibbs scores Tim Cleary scores
|
|
Pitching: LHP Eddie Panagos
|
|
|
Batting: LHB Ken Compton
|
0-0: Called Strike 0-1: Ball 1-1: Ball 2-1: SINGLE (Groundball, 34D, EV 109.4 MPH) Fekadu Alhaadi to third
|
|
Batting: RHB Joe Alley
|
0-0: Called Strike 0-1: Ball 1-1: Swinging Strike 1-2: Foul Ball, location: 2F 1-2: Ball 2-2: Ball 3-2: Base on Balls Ken Compton to second
|
|
Batting: RHB Chris Norris
|
0-0: Called Strike 0-1: Ball 1-1: GRAND SLAM HOME RUN (Line Drive, 7D, EV 100.0 MPH), Distance : 354 ft
|
|
Batting: RHB Tommy Tracy
|
0-0: Swinging Strike 0-1: Ball 1-1: Ball 2-1: Foul Ball, location: 2F 2-2: Foul Ball, location: 2F 2-2: Ball 3-2: Foul Ball, location: 2F 3-2: Foul Ball, location: 2F 3-2: Foul Ball, location: 2F 3-2: Base on Balls
|
|
Pitching: RHP Juan Bonilla
|
|
|
Batting: RHB Yorkis Saiki
|
0-0: Ball 1-0: Grounds into double play, 4-6-3 (Groundball, 4, EV 88.1 MPH)
|
| Top of the 3rd over - 7 runs, 4 hits, 1 error, 0 left on base; State College 13 - Eugene 0 |
| BOTTOM OF THE 3RD |
|
Eugene Emeralds batting - Pitching for State College Spikes : RHP Danny Cook
|
|
Batting: RHB Hugo Torrez
|
0-0: Foul Ball, location: 2F 0-1: Ball 1-1: Foul Ball, location: 2F 1-2: Foul Ball, location: 2F 1-2: Fly out, F9 (Flyball, 9, EV 96.2 MPH)
|
|
Batting: RHB Alvaro Romero
|
0-0: Ball 1-0: Ball 2-0: Ground out 5-3 (Groundball, 56S, EV 81.9 MPH)
|
|
Batting: RHB Jonathan Ridgely
|
0-0: Ball 1-0: SINGLE (Flyball, 34D, EV 85.0 MPH)
|
|
Batting: RHB Eric Wiss
|
0-0: Called Strike 0-1: Called Strike 0-2: Foul Ball, location: 2F 0-2: Strikes out swinging
|
| Bottom of the 3rd over - 0 runs, 1 hit, 0 errors, 1 left on base; State College 13 - Eugene 0 |
| TOP OF THE 4TH |
|
State College Spikes batting - Pitching for Eugene Emeralds : RHP Juan Bonilla
|
|
Batting: SHB Gerardo Macias
|
0-0: Called Strike 0-1: Swinging Strike 0-2: Ball 1-2: Strikes out looking
|
|
Batting: RHB John Gibbs
|
0-0: Ball 1-0: Foul Ball, location: 2F 1-1: Reached on error, E5 (Groundball, 56S, EV 91.2 MPH)
|
|
Batting: RHB Tim Cleary
|
0-0: Ball 1-0: SINGLE (Groundball, 6M, EV 106.2 MPH) (infield hit) John Gibbs to second
|
|
Batting: RHB Fekadu Alhaadi
|
0-0: Called Strike 0-1: Ball 1-1: Grounds into double play, 5-4-3 (Groundball, 56, EV 80.0 MPH)
|
| Top of the 4th over - 0 runs, 1 hit, 1 error, 1 left on base; State College 13 - Eugene 0 |
| BOTTOM OF THE 4TH |
|
Eugene Emeralds batting - Pitching for State College Spikes : RHP Danny Cook
|
|
Batting: RHB Bill Holmes
|
0-0: Ball 1-0: Ground out 4-3 (Groundball, 4M, EV 101.9 MPH)
|
|
Batting: RHB Ryan Bush
|
0-0: Foul Ball, location: 2F 0-1: Ball 1-1: Ball 2-1: Ball 3-1: Swinging Strike 3-2: Strikes out swinging
|
|
Batting: RHB Roy Battist
|
0-0: Fly out, F8 (Flyball, 8RD, EV 103.8 MPH)
|
| Bottom of the 4th over - 0 runs, 0 hits, 0 errors, 0 left on base; State College 13 - Eugene 0 |
| TOP OF THE 5TH |
|
State College Spikes batting - Pitching for Eugene Emeralds : RHP Juan Bonilla
|
|
Batting: LHB Ken Compton
|
0-0: SINGLE (Groundball, 34D, EV 103.8 MPH)
|
|
Batting: RHB Joe Alley
|
0-0: Grounds into double play, 4-6-3 (Groundball, 4MS, EV 87.5 MPH)
|
|
Batting: RHB Chris Norris
|
0-0: Ball 1-0: Ball 2-0: Ball 3-0: Called Strike 3-1: Called Strike 3-2: Base on Balls
|
|
Batting: RHB Tommy Tracy
|
0-0: Called Strike 0-1: Ball 1-1: Ball 2-1: Foul Ball, location: 2F 2-2: Strikes out swinging
|
| Top of the 5th over - 0 runs, 1 hit, 0 errors, 1 left on base; State College 13 - Eugene 0 |
| BOTTOM OF THE 5TH |
|
Eugene Emeralds batting - Pitching for State College Spikes : RHP Danny Cook
|
|
Batting: RHB Jerry Blas
|
0-0: Ball 1-0: Ball 2-0: Ball 3-0: Called Strike 3-1: Ground out 5-3 (Groundball, 56, EV 82.5 MPH)
|
|
Batting: RHB Josh Burns
|
0-0: Foul Ball, location: 2F 0-1: Ball 1-1: Ball 2-1: Ball 3-1: Called Strike 3-2: Strikes out looking
|
|
Batting: RHB Hugo Torrez
|
0-0: Swinging Strike 0-1: Ball 1-1: Ball 2-1: Fly out, F9 (Flyball, 89M, EV 88.1 MPH)
|
| Bottom of the 5th over - 0 runs, 0 hits, 0 errors, 0 left on base; State College 13 - Eugene 0 |
| TOP OF THE 6TH |
|
State College Spikes batting - Pitching for Eugene Emeralds : RHP Juan Bonilla
|
|
Batting: RHB Yorkis Saiki
|
0-0: Ball 1-0: SINGLE (Line Drive, 56D, EV 99.4 MPH)
|
|
Batting: SHB Gerardo Macias
|
0-0: Fly out, F8 (Flyball, 8LXD, EV 94.4 MPH)
|
|
Batting: RHB John Gibbs
|
0-0: Ball 1-0: SINGLE (Groundball, 4MS, EV 69.4 MPH) (infield hit) Yorkis Saiki to second
|
|
Batting: RHB Tim Cleary
|
0-0: Swinging Strike 0-1: Ball 1-1: Ball 2-1: Swinging Strike 2-2: Ball 3-2: Strikes out swinging
|
|
Batting: RHB Fekadu Alhaadi
|
Balk! Yorkis Saiki to third John Gibbs to second 0-0: Ball 1-0: Foul Ball, location: 2F 1-1: Swinging Strike 1-2: SINGLE (Flyball, 9S, EV 91.2 MPH) Yorkis Saiki scores John Gibbs to third Runner from 3rd tries for Home, throw by RF and OUT! 9-2
|
| Top of the 6th over - 1 run, 3 hits, 0 errors, 1 left on base; State College 14 - Eugene 0 |
| BOTTOM OF THE 6TH |
|
Eugene Emeralds batting - Pitching for State College Spikes : RHP Danny Cook
|
|
Batting: RHB Alvaro Romero
|
0-0: Ball 1-0: Foul Ball, location: 2F 1-1: Called Strike 1-2: Fly out, F8 (Flyball, 78M, EV 89.4 MPH)
|
|
Batting: RHB Jonathan Ridgely
|
0-0: Called Strike 0-1: Foul Ball, location: 2F 0-2: Ball 1-2: Strikes out swinging
|
|
Batting: RHB Eric Wiss
|
0-0: Called Strike 0-1: Ball 1-1: Ball 2-1: Foul Ball, location: 2F 2-2: Strikes out looking
|
| Bottom of the 6th over - 0 runs, 0 hits, 0 errors, 0 left on base; State College 14 - Eugene 0 |
| TOP OF THE 7TH |
|
State College Spikes batting - Pitching for Eugene Emeralds : RHP Juan Bonilla
|
|
Pitching: RHP Taylor Garofalo
|
|
|
Batting: LHB Ken Compton
|
0-0: Called Strike 0-1: Called Strike 0-2: Strikes out swinging
|
|
Batting: RHB Joe Alley
|
0-0: Called Strike 0-1: SINGLE (Groundball, 56D, EV 100.6 MPH)
|
|
Batting: RHB Chris Norris
|
0-0: Ball 1-0: Foul Ball, location: 2F 1-1: Ball 2-1: Ball Wild Pitch! Joe Alley to second 3-1: SINGLE (Groundball, 4MS, EV 73.8 MPH) (infield hit) Joe Alley to third
|
|
Batting: RHB Tommy Tracy
|
0-0: Swinging Strike 0-1: Swinging Strike 0-2: Ball 1-2: Ball 2-2: Ball 3-2: Strikes out looking
|
|
Batting: RHB Yorkis Saiki
|
0-0: Fielders Choice at 2nd, 6-4 (Groundball, 6, EV 104.4 MPH)
|
| Top of the 7th over - 0 runs, 2 hits, 0 errors, 2 left on base; State College 14 - Eugene 0 |
| BOTTOM OF THE 7TH |
|
Eugene Emeralds batting - Pitching for State College Spikes : RHP Danny Cook
|
|
Batting: RHB Bill Holmes
|
0-0: Ball 1-0: Foul Ball, location: 2F 1-1: Ball 2-1: Ball 3-1: Base on Balls
|
|
Batting: RHB Ryan Bush
|
0-0: Ball 1-0: Ball 2-0: Foul Ball, location: 2F 2-1: Called Strike 2-2: Strikes out swinging
|
|
Batting: RHB Roy Battist
|
0-0: Ball 1-0: Called Strike 1-1: Swinging Strike 1-2: Ball 2-2: Ball 3-2: Strikes out looking
|
|
Batting: RHB Jerry Blas
|
0-0: Ball 1-0: Called Strike 1-1: Ball 2-1: TRIPLE (Flyball, 78XD, EV 114.4 MPH) Bill Holmes scores
|
|
Batting: RHB Josh Burns
|
0-0: Called Strike 0-1: Called Strike 0-2: Ball 1-2: Ball 2-2: Strikes out swinging
|
| Bottom of the 7th over - 1 run, 1 hit, 0 errors, 1 left on base; State College 14 - Eugene 1 |
| TOP OF THE 8TH |
|
State College Spikes batting - Pitching for Eugene Emeralds : RHP Taylor Garofalo
|
|
Batting: SHB Gerardo Macias
|
0-0: Ball 1-0: Ball 2-0: Called Strike 2-1: Fly out, F8 (Flyball, 8LD, EV 105.6 MPH)
|
|
Pitching: RHP Tim Long
|
|
|
Batting: RHB John Gibbs
|
0-0: Ball 1-0: Ball 2-0: Called Strike 2-1: Ground out 5-3 (Groundball, 56S, EV 85.6 MPH)
|
|
Batting: RHB Tim Cleary
|
0-0: Ball 1-0: Ball 2-0: Called Strike 2-1: Ground out 6-3 (Groundball, 6, EV 87.5 MPH)
|
| Top of the 8th over - 0 runs, 0 hits, 0 errors, 0 left on base; State College 14 - Eugene 1 |
| BOTTOM OF THE 8TH |
|
Eugene Emeralds batting - Pitching for State College Spikes : RHP Danny Cook
|
|
Batting: RHB Hugo Torrez
|
0-0: TRIPLE (Flyball, 9LD, EV 97.5 MPH)
|
|
Batting: RHB Alvaro Romero
|
0-0: Called Strike 0-1: Ball 1-1: Ball 2-1: Fly out, F7 (Flyball, 78XD, EV 87.5 MPH) Runner from 3rd tags up, SCORES, no throw by LF
|
|
Batting: RHB Jonathan Ridgely
|
0-0: Ball 1-0: Called Strike 1-1: Foul Ball, location: 2F 1-2: Strikes out swinging
|
|
Batting: RHB Eric Wiss
|
0-0: Foul Ball, location: 2F 0-1: Ball 1-1: Called Strike 1-2: Strikes out swinging
|
| Bottom of the 8th over - 1 run, 1 hit, 0 errors, 0 left on base; State College 14 - Eugene 2 |
| TOP OF THE 9TH |
|
State College Spikes batting - Pitching for Eugene Emeralds : RHP Tim Long
|
|
Batting: RHB Fekadu Alhaadi
|
0-0: Fly out, F9 (Flyball, 9, EV 90.6 MPH)
|
|
Batting: LHB Ken Compton
|
0-0: Ball 1-0: Ball 2-0: Ball 3-0: Base on Balls
|
|
Batting: RHB Joe Alley
|
0-0: Called Strike 0-1: Ball 1-1: Ball 2-1: Swinging Strike 2-2: DOUBLE (Line Drive, 9LM, EV 103.1 MPH) Ken Compton to third
|
|
Pitching: RHP Du Kim
|
|
|
Batting: RHB Chris Norris
|
0-0: Ball 1-0: Called Strike 1-1: Ball 2-1: Ball 3-1: Base on Balls
|
|
Batting: RHB Tommy Tracy
|
Balk! Ken Compton scores Joe Alley to third Chris Norris to second 0-0: Called Strike 0-1: Fly out, F8 (Flyball, 8RD, EV 95.0 MPH)
|
|
Pinch Hitting: RHB Brad Payne
|
0-0: Ball Wild Pitch! Joe Alley scores Chris Norris to third 1-0: Ground out 5-3 (Groundball, 56, EV 91.9 MPH)
|
| Top of the 9th over - 2 runs, 1 hit, 0 errors, 1 left on base; State College 16 - Eugene 2 |
| BOTTOM OF THE 9TH |
|
Eugene Emeralds batting - Pitching for State College Spikes : RHP Danny Cook
|
|
Pitching: RHP Jeremy Bonita
|
|
|
Now at C: Brad Payne
|
|
|
Batting: RHB Bill Holmes
|
0-0: Ground out 5-3 (Groundball, 56S, EV 88.8 MPH)
|
|
Batting: RHB Ryan Bush
|
0-0: Called Strike 0-1: Ball 1-1: Ball 2-1: Foul Ball, location: 2F 2-2: Ball 3-2: Foul Ball, location: 2F 3-2: Strikes out swinging
|
|
Batting: RHB Roy Battist
|
0-0: Ball 1-0: Ball 2-0: Ball 3-0: Base on Balls
|
|
Batting: RHB Jerry Blas
|
0-0: Ball 1-0: SINGLE (Flyball, 8LS, EV 88.8 MPH) Roy Battist to second
|
|
Batting: RHB Josh Burns
|
0-0: Ball 1-0: Ball 2-0: Foul Ball, location: 2F 2-1: Ball 3-1: Fielders Choice at 2nd, 6-4 (Groundball, 6, EV 88.8 MPH)
|
| Bottom of the 9th over - 0 runs, 1 hit, 0 errors, 2 left on base; State College 16 - Eugene 2 |
|